 Dungeon Crawl Stone Soup version 0.24.0-13-gcf9b319 (webtiles) character file.

Game seed: 14606708489894018403, levelgen mode: deterministic

341655 Fang the Warrior (level 22, -8/199 HPs)
             Began as a Gargoyle Berserker on Nov 19, 2019.
             Was the Champion of Trog.
             Killed from afar by a necromancer (18 damage)
             ... with a bolt of cold
             ... on level 4 of the Vaults.
             The game lasted 00:47:20 (35040 turns).

Fang the Warrior (Gargoyle Berserker)              Turns: 35040, Time: 00:47:20

Health: -8/199     AC: 51    Str: 36    XL:     22   Next: 1%
Magic:  22/22      EV: 17    Int: 12    God:    Trog [******]
Gold:   3374       SH: 23    Dex:  9    Spells: 21/21 levels left

rFire    + + .     SeeInvis +   q - +6 broad axe (flame)
rCold    . . .     Gourm    .   Q - +2 shield {reflect}
rNeg     + + .     Faith    .   b - +7 plate armour
rPois    ∞         Spirit   .   r - +2 hat
rElec    +         Reflect  +   R - scarf {cloud immunity}
rCorr    .         Harm     .   e - +2 pair of gloves of Negation {rElec}
MR       +....                  G - +2 pair of boots of the Townfolk {*Slow rF++ rN+ Regen+}
Stlth    ..........             u - amulet "Rahenenuhem" {Reflect Int+4 SH+5}
HPRegen  0.83/turn              M - ring of see invisible
MPRegen  0.18/turn              m - ring "Jituled" {rElec EV+2 Slay+2 Stlth+}

@: berserking, flying, slowed
A: big wings, frail 1, negative energy resistance 1, electricity resistance,
unbreathing, petrification resistance, rot immunity, AC +16
}: 2/15 runes: decaying, gossamer
a: Stop Flying, Berserk, Trog's Hand, Brothers in Arms, Renounce Religion


You were on level 4 of the Vaults.
You worshipped Trog.
Trog was exalted by your worship.
You were not hungry.

You visited 7 branches of the dungeon, and saw 36 of its levels.
You also visited: Desolation.

You collected 3374 gold pieces.

Inventory:

Hand Weapons
 a - a +4 war axe of chopping
 q - a +6 broad axe of flaming (weapon)
 J - the +14 obsidian axe {chop, +Fly SInv *Curse}
   (Trog gifted it to you on level 5 of the Lair of Beasts)

   It inflicts extra damage upon your enemies.
   It lets you see invisible.
   It lets you fly.
   It curses itself when equipped.
 O - the +9 war axe "Cashriro" {chop, Int+3}
   (Trog gifted it to you on level 2 of the Swamp)

   It inflicts extra damage upon your enemies.
   It affects your intelligence (+3).
 U - a +6 broad axe of flaming
Armour
 b - a +7 plate armour (worn)
 e - the +2 pair of gloves of Negation (worn) {rElec}
   (You acquired it on level 10 of the Dungeon)

   It insulates you from electricity.
 o - a +2 shield of protection
 r - a +2 hat (worn)
 G - the +2 pair of boots of the Townfolk (worn) {*Slow rF++ rN+ Regen+}
   (You acquired it on level 12 of the Dungeon)

   It greatly protects you from fire.
   It protects you from negative energy.
   It increases your rate of regeneration.
   It may slow you when you take damage.
 Q - a +2 shield of reflection (worn)
 R - a scarf of cloud immunity (worn)
Jewellery
 m - the ring "Jituled" (right hand) {rElec EV+2 Slay+2 Stlth+}
   (You found it on level 10 of the Dungeon)

   [ring of evasion]

   It affects your evasion (+2).
   It affects your accuracy and damage with ranged weapons and melee attacks
   (+2).
   It insulates you from electricity.
   It makes you more stealthy.
 s - the ring "Fowieff" {rC+ MR+++ MP+9 Str-3 Stlth+}
   (You found it in the Desolation of Salt)

   [ring of stealth]

   It affects your strength (-3).
   It protects you from cold.
   It affects your resistance to hostile enchantments.
   It affects your magic capacity (+9).
   It makes you more stealthy.
 u - the amulet "Rahenenuhem" (around neck) {Reflect Int+4 SH+5}
   (You took it off a yaktaur on level 10 of the Dungeon)

   [amulet of reflection]

   It shields you and reflects attacks.
   It affects your intelligence (+4).
   It affects your SH (+5).
 y - a +2 ring of protection
 B - the ring "Koujo" {*Tele rElec Str+4}
   (You took it off a centaur warrior on level 10 of the Dungeon)

   [ring of teleportation]

   It may teleport you next to monsters.
   It affects your strength (+4).
   It insulates you from electricity.
 F - the amulet of Awe {+Rage +Fly rPois rF- Dex-5}
   (You took it off a centaur warrior on level 10 of the Dungeon)

   [amulet of rage]

   It affects your dexterity (-5).
   It makes you vulnerable to fire.
   It protects you from poison.
   It lets you fly.
   It lets you go berserk.
 I - an uncursed amulet of the gourmand
 M - a ring of see invisible (left hand)
 W - a +4 ring of evasion
 X - the ring "Itaroehu" {rPois rF+ rN+ Str-4 Int+3}
   (You found it in the Desolation of Salt)

   [ring of intelligence]

   It affects your strength (-4).
   It affects your intelligence (+3).
   It protects you from fire.
   It protects you from poison.
   It protects you from negative energy.
 Z - the amulet of Muimn {*Slow Regen+ Dex+7}
   (You found it in the Desolation of Salt)

   [amulet of regeneration]

   It affects your dexterity (+7).
   It increases your rate of regeneration.
   It may slow you when you take damage.
Wands
 g - a wand of clouds (6)
 t - a wand of paralysis (32)
 z - a wand of polymorph (29)
 A - a wand of acid (41)
 E - a wand of flame (54)
 H - a wand of random effects (57)
 L - a wand of iceblast (44)
 V - a wand of digging (5)
Scrolls
 f - 11 scrolls of remove curse
 i - 22 scrolls of teleportation
 j - 8 scrolls of magic mapping
 l - 2 scrolls of fear
 p - 11 scrolls of identify
 N - a scroll of holy word
 S - a scroll of acquirement
 T - 4 scrolls of blinking
Potions
 d - 7 potions of ambrosia
 h - 3 potions of might
 k - 5 potions of heal wounds
 n - 4 potions of mutation
 v - 5 potions of haste
 w - a potion of berserk rage
 x - 15 potions of curing
 C - 6 potions of cancellation
 D - 2 potions of magic
 K - 3 potions of agility
Comestibles
 c - 74 rations
 P - 8 chunks of flesh


   Skills:
 + Level 18.7 Fighting
 + Level 16.0 Axes
 + Level 18.5 Armour
 + Level 14.8 Dodging
 + Level 18.0 Shields


You had 21 spell levels left.
You didn't know any spells.
Your spell library was empty.

Dungeon Overview and Level Annotations

Branches:
Dungeon (15/15)            Temple (1/1) D:4            Lair (6/6) D:9
  Swamp (4/4) Lair:2       Spider (4/4) Lair:3        Slime (0/5) Lair:6
    Orc (2/2) D:11            Elf (0/3) Orc:2        Vaults (4/5) D:13
  Crypt (0/3) Vaults:2     Depths (0/5) D:15        Desolation (visited)

Altars:
Ashenzari
Cheibriados
Dithmenos
Fedhas
Gozag
Hepliaklqana
Kikubaaqudgha
Makhleb
Nemelex Xobeh
Okawaru
Qazlal
Ru
Sif Muna
Trog
Uskayaw
Vehumet
Wu Jian
Xom
Yredelemnul
Zin
The Shining One
Jiyva

Shops:
D:8 %}   D:10 ?   D:12 (   Orc:1 (   Orc:2 *}%[   Vaults:3 [%((

Portals:
Trove: Vaults:4 (give 16 potions of curing)

Annotations:
D:12 1 runed translucent door
D:15 3 runed translucent doors, Bananafolds's ghost, adept NaVM
Swamp:2 exclusion: 2 oklob saplings


Innate Abilities, Weirdness & Mutations

You are resistant to torment.
Your stone body is resilient. (AC +16)
You are immune to poison.
Your large and strong wings let you fly indefinitely.
You resist negative energy. (rN+)
You are resistant to electric shocks. (rElec)
You can survive without breathing.
You are immune to petrification.
You are immune to rotting.
You are frail. (-10% HP)


Message History

You slice the vault sentinel skeleton!! You burn the vault sentinel skeleton!
Your plate armour prevents you from hitting the necromancer.
The vault sentinel skeleton completely misses you.
You slice the fire giant!!
You kill the fire giant!
Trog accepts your kill.
Trog appreciates your killing of a magic user.
You slice the necromancer!! You burn the necromancer!
You slash the vault sentinel skeleton! You burn the vault sentinel skeleton.
The necromancer casts a spell at you. The bolt of cold hits you!
* * * LOW HITPOINT WARNING * * *
Some of the chunks of flesh in your inventory have rotted away.
You completely miss the necromancer.
The necromancer is almost dead.
You slash the vault sentinel skeleton! You burn the vault sentinel skeleton.
You block the vault sentinel skeleton's attack.
The necromancer gestures at you while chanting.
The bolt of cold hits you!!
You die...

##########..#....
#..#.... #..#....
#### ##)###'' #..#
#..).... ##++###..#
#.......
......Z..####
#.......
......ZpZ#..#
#.......
##+##@##..#
########
#...).....####
#.........#..#
#..###''###..#
#..#.........# ##
#.........#
#########'#########
...............).
................)


You could see a necromancer, a shadow dragon simulacrum, a frost giant skeleton
and a vault sentinel skeleton.

Vanquished Creatures
  Bai Suzhen (Spider:4)
  A lich (Vaults:4)
  An eldritch tentacle (Vaults:2)
  7 thorn hunters
  Donald (Swamp:4)
  A shadow dragon (D:14)
  Agnes (D:15)
  A frost giant (Vaults:2)
  2 fire giants (Vaults:4)
  2 tengu reavers
  4 ghost moths (Spider:4)
  An orc warlord (Orc:2)
  8 vault wardens
  2 imperial myrmidons (Desolation)
  8 emperor scorpions
  13 ironheart preservers
  A very ugly thing (Swamp:3)
  4 stone giants
  3 entropy weavers
  2 deep elf demonologists (Vaults:3)
  A deep elf annihilator (Vaults:1)
  3 halazid warlocks (Desolation)
  Snorg (Lair:4)
  4 ettins
  4 spark wasps
  6 fire dragons
  4 ragged hierophants (Desolation)
  A crystal guardian (Desolation)
  Josephine (D:13)
  3 great orbs of eyes
  A rakshasa (D:14)
  4 yaktaur captains
  2 ice dragons
  2 ghost crabs
  5 servants of whispers
  4 peacekeepers (Desolation)
  3 catoblepae (Lair:6)
  3 death knights
  Erica (D:8)
  10 vault guards
  25 hydras
  8 centaur warriors
  22 two-headed ogres
  9 ogre magi
  4 shambling mangroves
  2 tengu warriors
  10 alligators
  2 storm dragon zombies (Vaults:4)
  6 death yaks (Lair:6)
  7 deep elf knights
  4 orc high priests
  Nergalle (Lair:4)
  12 skeletal warriors
  3 shadow wraiths
  2 flayed ghosts
  2 storm dragon skeletons (Vaults:3)
  A swamp dragon (shapeshifter) (Vaults:1)
  12 swamp dragons
  An unseen horror (Vaults:1)
  A glowing orange brain (shapeshifter) (D:13)
  12 ironbrand convokers
  A spriggan druid (Swamp:4)
  6 deep elf archers
  6 necromancers
  4 wizards
  2 wolf spider zombies (D:15)
  11 orc knights
  3 phantasmal warriors
  16 deep elf magi
  11 orb spiders
  A harpy (shapeshifter) (Vaults:3)
  4 harpies (Vaults:2)
  A shadow dragon skeleton (Vaults:4)
  A mana viper (shapeshifter) (Vaults:2)
  A stone giant zombie (Vaults:4)
  32 wolf spiders
  A tengu skeleton (Vaults:3)
  12 orc sorcerers
  An orb spider (shapeshifter) (Vaults:1)
  A wolf spider (shapeshifter) (D:15)
  5 cyclopes
  43 ugly things
  A frost giant zombie (Vaults:3)
  A moth of wrath (Spider:4)
  4 manticores
  5 guardian serpents (Desolation)
  A frost giant skeleton (Vaults:4)
  A naga mage (Vaults:2)
  A molten gargoyle (Desolation)
  A stone giant skeleton (Vaults:4)
  8 elephants
  2 torpor snails (Spider:2)
  7 vault sentinels
  6 black mambas
  A storm dragon simulacrum (Vaults:4)
  A gargoyle (D:13)
  An efreet (D:12)
  9 komodo dragons
  19 spiny frogs
  A yaktaur zombie (Vaults:3)
  5 rime drakes
  3 freezing wraiths
  16 demonic crawlers
  A tengu conjurer (D:14)
  3 polar bears
  42 jumping spiders
  A queen bee (D:12)
  35 yaktaurs
  A yaktaur skeleton (Vaults:4)
  2 human skeletons (Vaults:4)
  13 trolls
  5 meliai
  2 trolls (shapeshifter)
  40 saltlings
  A wind drake (shapeshifter) (Vaults:4)
  28 hornets
  A raiju (shapeshifter) (Vaults:3)
  13 hippogriffs
  Grinder (D:3)
  A tengu simulacrum (Vaults:4)
  7 tyrant leeches
  7 bog bodies
  14 blink frogs
  19 slime creatures
  A stone giant simulacrum (Vaults:4)
  A fire giant simulacrum (Vaults:4)
  A frost giant simulacrum (Vaults:4)
  A centaur simulacrum (D:15)
  5 shadows
  74 redbacks
  5 spriggans
  5 water elementals (D:15)
  A human (shapeshifter) (D:15)
  3 vampires
  8 wraiths
  2 yaks (shapeshifter)
  2 wyverns
  Grum (D:9)
  5 basilisks
  26 tarantellas
  41 yaks
  A human simulacrum (Vaults:4)
  3 hungry ghosts
  16 swamp worms
  24 vampire mosquitoes
  2 spatial vortices (Vaults:2)
  6 wargs
  15 insubstantial wisps
  2 acid dragons
  5 water moccasins
  A floating eye (shapeshifter) (Vaults:3)
  7 porcupines
  42 orc warriors
  An eye of draining (shapeshifter) (Vaults:3)
  10 swamp drakes
  3 black bears
  3 sky beasts
  A black bear (shapeshifter) (D:15)
  4 ice beasts
  3 necrophages
  12 boggarts
  An eye of draining (D:15)
  3 phantoms
  7 wolves
  14 centaurs
  31 ogres
  13 crocodiles
  4 big kobolds
  16 bullfrogs
  A glowing shapeshifter simulacrum (Vaults:1)
  2 wyvern skeletons (D:13)
  3 scorpions
  19 killer bees
  17 wights
  6 howler monkeys
  9 electric eels
  6 crimson imps
  A centaur zombie (D:12)
  A quasit (D:12)
  A bullfrog zombie (D:12)
  9 hounds
  8 jellies
  22 orc priests
  3 bullfrog skeletons
  46 orc wizards
  5 centaur skeletons
  4 iguanas
  8 worker ants
  A hound skeleton (D:11)
  3 worker ant zombies
  11 gnolls
  A howler monkey skeleton (D:9)
  7 adders
  A shadow imp (D:5)
  6 oozes
  An adder skeleton (D:9)
  An adder zombie (D:6)
  5 worms
  A dart slug (D:1)
  5 leopard geckos
  105 orcs
  5 bats
  4 giant cockroaches
  13 goblins
  13 hobgoblins
  6 jackals
  32 kobolds
  8 quokkas
  A ball python (D:1)
  5 frilled lizards
  4 rats
  12 briar patches
  8 fungi
  6 plants
1635 creatures vanquished.

Vanquished Creatures (collateral kills)
  A storm dragon (D:14)
  3 tengu warriors (D:14)
  An orc high priest (Orc:2)
  2 skeletal warriors (D:14)
  An orc sorcerer (Orc:2)
  A kobold demonologist (D:14)
  A meliai (D:12)
  4 yaks (Lair:4)
  A hornet zombie (D:14)
  An orc warrior (Orc:2)
  A killer bee (D:12)
  An orc wizard (Orc:2)
18 creatures vanquished.

Vanquished Creatures (others)
  A vault warden (Vaults:3)
  Nessos (Lair:4)
  A hydra (Swamp:4)
  3 centaur warriors
  An alligator (Swamp:4)
  A deep elf archer (Vaults:3)
  A wizard (D:15)
  A manticore (D:14)
  2 yaktaurs
  A jumping spider (Spider:3)
  A hornet (Swamp:2)
  A saltling (Desolation)
  A redback (Spider:4)
  A swamp drake (Swamp:2)
  An orc warrior (Vaults:4)
  3 centaurs (D:13)
  An orc priest (D:15)
  An orc wizard (D:15)
  An orc (D:15)
  2 kobolds (D:13)
  4 briar patches
  10 fungi
  5 plants
45 creatures vanquished.

Grand Total: 1698 creatures vanquished

Notes
Turn   | Place    | Note
-------+----------+-------------------------------------------
     0 | D:1      | Fang the Gargoyle Berserker began the quest for the Orb.
     0 | D:1      | Reached XP level 1. HP: 14/14 MP: 1/1
    70 | D:1      | Reached XP level 2. HP: 17/19 MP: 2/2
   838 | D:2      | Reached XP level 3. HP: 8/24 MP: 3/3
  1374 | D:2      | Reached XP level 4. HP: 29/29 MP: 4/4
  1665 | D:3      | Reached ** piety under Trog
  1833 | D:3      | Noticed Grinder
  1837 | D:3      | Paralysed by Grinder for 4 turns
  1844 | D:3      | Killed Grinder
  1844 | D:3      | Reached XP level 5. HP: 34/34 MP: 5/5
  1844 | D:3      | Reached XP level 6. HP: 39/39 MP: 6/6
  1984 | D:3      | Found a glowing silver altar of Zin.
  1985 | D:3      | Found a snail-covered altar of Cheibriados.
  1985 | D:3      | Found a stormy altar of Qazlal.
  2064 | D:3      | Found a hazy altar of Hepliaklqana.
  2065 | D:3      | Found a shimmering altar of Xom.
  2066 | D:3      | Noticed a spectral ugly thing
  2124 | D:3      | Found an ornate altar of the Wu Jian Council.
  2124 | D:3      | Found an opulent altar of Gozag.
  2238 | D:3      | Found a blossoming altar of Fedhas.
  2551 | D:4      | Found a staircase to the Ecumenical Temple.
  2573 | Temple   | Entered the Ecumenical Temple
  2657 | D:4      | Reached skill level 5 in Fighting
  2666 | D:4      | Reached XP level 7. HP: 19/44 MP: 7/7
  3585 | D:4      | Found a radiant altar of Vehumet.
  3587 | D:4      | Reached skill level 5 in Armour
  3594 | D:4      | Found a burning altar of Makhleb.
  3741 | D:5      | Entered Level 5 of the Dungeon
  3954 | D:5      | Reached XP level 8. HP: 44/51 MP: 8/8
  3959 | D:5      | Reached skill level 1 in Shields
  4270 | D:5      | Reached skill level 5 in Axes
  4848 | D:6      | Reached *** piety under Trog
  5723 | D:7      | Found a bloodstained altar of Trog.
  5799 | D:7      | Reached XP level 9. HP: 53/56 MP: 9/9
  6033 | D:7      | Reached **** piety under Trog
  6522 | D:7      | Reached skill level 5 in Dodging
  6585 | D:7      | Found a glowing golden altar of the Shining One.
  6585 | D:7      | Found a shimmering blue altar of Sif Muna.
  6837 | D:8      | Found Mizoo's Food Emporium.
  6881 | D:8      | Noticed Erica
  6909 | D:8      | Killed Erica
  6960 | D:8      | Found Wimekaoto's Gadget Shop.
  7125 | D:8      | Found an iron altar of Okawaru.
  7158 | D:8      | Reached skill level 5 in Shields
  7178 | D:8      | Reached XP level 10. HP: 55/64 MP: 10/10
  7715 | D:9      | Found a staircase to the Lair.
  8059 | D:9      | Noticed Grum
  8084 | D:9      | Killed Grum
  8771 | D:10     | Entered Level 10 of the Dungeon
  8771 | D:10     | Noticed a two-headed ogre
  8784 | D:10     | Killed a two-headed ogre
  8961 | D:10     | Reached XP level 11. HP: 60/71 MP: 11/11
  8965 | D:10     | Reached ***** piety under Trog
  9125 | D:10     | Identified 2 scrolls of acquirement
  9151 | D:10     | Found Moibeofe's Magic Scroll Shop.
  9188 | D:10     | Got a pair of jewelled gloves
  9199 | D:10     | Identified the +2 pair of gloves of Negation {rElec} (You
                  | acquired it on level 10 of the Dungeon)
  9272 | D:10     | Identified the amulet "Rahenenuhem" {Reflect Int+4 SH+5}
  9326 | D:10     | Noticed a green ugly thing
  9342 | D:10     | Killed a green ugly thing
  9445 | D:10     | Identified the ring "Koujo" {*Tele rElec Str+4}
  9445 | D:10     | Noticed a centaur warrior
  9465 | D:10     | Killed a centaur warrior
  9659 | D:10     | Got a clouded lapis lazuli ring
  9771 | D:11     | Noticed a green ugly thing
  9784 | D:11     | Killed a green ugly thing
  9802 | D:11     | Found a staircase to the Orcish Mines.
 10010 | D:11     | Found the +12 Vampire's Tooth {vamp}
 10033 | D:11     | Received a gift from Trog
 10038 | D:11     | Reached skill level 10 in Fighting
 10303 | D:10     | Identified the amulet of Awe {+Rage +Fly rPois rF- Dex-5}
 10303 | D:10     | Noticed a centaur warrior
 10311 | D:10     | Killed a centaur warrior
 10313 | D:10     | Identified the ring "Jituled" {rElec EV+2 Slay+2 Stlth+}
                  | (You found it on level 10 of the Dungeon)
 10379 | Lair:1   | Entered Level 1 of the Lair of Beasts
 10423 | Lair:1   | Noticed an eight-headed hydra
 10431 | Lair:1   | Killed a five-headed hydra
 10431 | Lair:1   | Reached XP level 12. HP: 60/77 MP: 12/12
 10458 | Lair:1   | Noticed a five-headed hydra
 10468 | Lair:1   | Killed a one-headed hydra
 10468 | Lair:1   | Reached skill level 10 in Armour
 10951 | Lair:2   | Found a staircase to the Swamp.
 11410 | Lair:2   | Noticed a four-headed hydra
 11420 | Lair:2   | Killed a one-headed hydra
 12070 | Lair:3   | Found a hole to the Spider Nest.
 12397 | Lair:3   | Reached XP level 13. HP: 84/84 MP: 13/13
 12657 | Lair:4   | Noticed Nergalle
 12685 | Lair:4   | Reached skill level 10 in Shields
 12694 | Lair:4   | Killed Nergalle
 12738 | Lair:4   | Noticed Snorg
 12763 | Lair:4   | Killed Snorg
 12856 | Lair:4   | Noticed Nessos
 12866 | Lair:4   | Killed Nessos
 13157 | Lair:4   | Reached skill level 10 in Axes
 13841 | Lair:5   | Received a gift from Trog
 13842 | Lair:5   | Found the +14 obsidian axe {chop, +Fly SInv *Curse}
 14492 | Lair:6   | Entered Level 6 of the Lair of Beasts
 14568 | Lair:6   | Gained mutation: Your large and strong wings let you fly
                  | indefinitely. [Gargoyle growth]
 14568 | Lair:6   | Reached XP level 14. HP: 88/92 MP: 14/14
 14679 | Lair:6   | Found a viscous altar of Jiyva.
 14680 | Lair:6   | Found a staircase to the Slime Pits.
 15062 | Lair:6   | Reached ****** piety under Trog
 16227 | D:12     | Reached skill level 10 in Dodging
 16609 | D:12     | Received a gift from Trog
 16795 | D:12     | Got a pair of dazzling boots
 16801 | D:12     | Identified the +2 pair of boots of the Townfolk {*Slow rF++
                  | rN+ Regen+} (You acquired it on level 12 of the Dungeon)
 16916 | D:12     | Found Qeup's Weapon Shoppe.
 17175 | D:12     | Found a runed translucent door.
 17175 | D:12     | Noticed a sphinx
 17177 | D:12     | Noticed a frost giant
 17177 | D:12     | Noticed a storm dragon
 17177 | D:12     | Noticed a tengu reaver
 17177 | D:12     | Noticed a tengu reaver
 17406 | D:13     | Noticed Josephine
 17417 | D:13     | Killed Josephine
 17426 | D:13     | Reached XP level 15. HP: 96/98 MP: 15/15
 17737 | D:13     | Found a gate to the Vaults.
 17943 | D:13     | Received a gift from Trog
 18346 | D:14     | Noticed a shadow dragon
 18348 | D:14     | Noticed a storm dragon
 18377 | D:14     | Killed a shadow dragon
 18403 | D:14     | Killed a storm dragon
 18680 | D:14     | Found a sacrificial altar of Ru.
 18680 | D:14     | Found a hide-covered altar of Uskayaw.
 19197 | D:15     | Entered Level 15 of the Dungeon
 19289 | D:15     | Received a gift from Trog
 19469 | D:15     | Reached XP level 16. HP: 86/106 MP: 16/16
 19546 | D:15     | Noticed Agnes
 19552 | D:15     | Paralysed by an ogre mage for 2 turns
 19579 | D:15     | Killed Agnes
 19692 | D:15     | Found a runed translucent gate.
 19767 | D:15     | Found a runed translucent gate.
 19767 | D:15     | Found a runed translucent gate.
 19770 | D:15     | Noticed Bananafolds's ghost (adept NaVM)
 19789 | D:15     | Found a frozen archway.
 19987 | D:15     | Found a staircase to the Depths.
 20218 | Orc:1    | Entered Level 1 of the Orcish Mines
 20225 | Orc:1    | Paralysed by an orc sorcerer for 6 turns
 20232 | Orc:1    | Received a gift from Trog
 20371 | Orc:1    | Found Zyasak's Antique Weapon Shoppe.
 20709 | Orc:2    | Entered Level 2 of the Orcish Mines
 20709 | Orc:2    | Found a burning altar of Makhleb.
 20798 | Orc:2    | Found a shimmering altar of Xom.
 21169 | Orc:2    | Found a staircase to the Elven Halls.
 21177 | Orc:2    | Received a gift from Trog
 21408 | Orc:2    | Paralysed by an orc sorcerer for 2 turns
 21448 | Orc:2    | Found Asash's Food Shop.
 21448 | Orc:2    | Found Enamus's General Store.
 21461 | Orc:2    | Found Zasiory's Antique Armour Shop.
 21461 | Orc:2    | Found Zasukuad's Gadget Boutique.
 21861 | Swamp:1  | Entered Level 1 of the Swamp
 21988 | Swamp:1  | Received a gift from Trog
 22687 | Swamp:2  | Reached XP level 17. HP: 106/112 MP: 17/17
 22834 | Swamp:2  | Reached skill level 15 in Fighting
 23154 | Swamp:2  | Reached skill level 15 in Armour
 23202 | Swamp:2  | Received a gift from Trog
 23208 | Swamp:2  | Got a dazzling war axe {god gift}
 23209 | Swamp:2  | Identified the +9 war axe "Cashriro" {chop, Int+3} (Trog
                  | gifted it to you on level 2 of the Swamp)
 24163 | Swamp:4  | Entered Level 4 of the Swamp
 24675 | Swamp:4  | Got a decaying rune of Zot
 24840 | Swamp:4  | Noticed Donald
 24856 | Swamp:4  | Killed Donald
 24995 | Swamp:4  | Reached XP level 18. HP: 117/120 MP: 18/18
 25328 | Spider:1 | Entered Level 1 of the Spider Nest
 25532 | Spider:1 | Received a gift from Trog
 25900 | Spider:1 | You are sucked into a shaft and drop 1 floor!
 25956 | Spider:2 | Reached skill level 15 in Shields
 26254 | Spider:2 | Received a gift from Trog
 27031 | Spider:3 | Received a gift from Trog
 27963 | Spider:3 | Received a gift from Trog
 28081 | Spider:4 | Entered Level 4 of the Spider Nest
 28163 | Spider:4 | Noticed Bai Suzhen
 28194 | Spider:4 | Killed Bai Suzhen
 28226 | Spider:4 | Reached XP level 19. HP: 65/127 MP: 19/19
 28925 | Spider:4 | Received a gift from Trog
 28991 | Spider:4 | Got a gossamer rune of Zot
 29304 | Vaults:1 | Entered Level 1 of the Vaults
 29828 | Vaults:1 | Identified Qeezor's Incunabulum of the Dislocated Frostbite
 29884 | Vaults:1 | Received a gift from Trog
 30333 | Vaults:2 | Reached XP level 20. HP: 126/134 MP: 20/20
 30580 | Vaults:2 | Received a gift from Trog
 30659 | Vaults:2 | Found a staircase to the Crypt.
 30659 | Vaults:2 | Found a basalt altar of Yredelemnul.
 30660 | Vaults:2 | Found an ancient bone altar of Kikubaaqudgha.
 30675 | Vaults:2 | Reached skill level 15 in Axes
 31242 | Vaults:2 | Received a gift from Trog
 31639 | Vaults:2 | Identified Qoekkaed's Incunabulum of Dislocation
 31790 | Vaults:3 | Found Roxozom's Weapon Shop.
 31858 | Vaults:3 | Received a gift from Trog
 31909 | Vaults:3 | Found Acoquwy's Weapon Boutique.
 31938 | Vaults:3 | Noticed a Tzitzimitl
 31939 | Vaults:3 | Gained mutation: You are frail. (-10% HP) [a neqoxec]
 32041 | Vaults:3 | Found Xucauxux's Food Shop.
 32282 | Vaults:3 | Reached XP level 21. HP: 123/126 MP: 21/21
 32530 | Vaults:3 | Received a gift from Trog
 32586 | Vaults:3 | Found Jysirello's Armour Shoppe.
 33156 | Vaults:4 | Found a portal to a secret trove of treasure.
 33337 | Vaults:4 | Found a ruined gateway.
 33365 | Desolati | Entered the Desolation of Salt
 33605 | Desolati | Got a clouded jade ring
 33659 | Desolati | Received a gift from Trog
 34003 | Desolati | Found the +3 robe of Folly {Archmagi, MR-- Int+5}
 34019 | Desolati | Got a clouded ruby amulet
 34020 | Desolati | Identified the Compendium of the Fetching Volcanoes
 34034 | Desolati | Identified the amulet of Muimn {*Slow Regen+ Dex+7} (You
                  | found it in the Desolation of Salt)
 34036 | Desolati | Identified the ring "Itaroehu" {rPois rF+ rN+ Str-4 Int+3}
                  | (You found it in the Desolation of Salt)
 34040 | Desolati | Got a warped ivory ring
 34043 | Desolati | Got a scorched platinum ring
 34044 | Desolati | Identified the ring of Ascent {MR+ MP+9 Str+8} (You found
                  | it in the Desolation of Salt)
 34045 | Desolati | Identified the ring "Botecoil" {Ice rElec} (You found it in
                  | the Desolation of Salt)
 34102 | Desolati | Got a warped steel ring
 34103 | Desolati | Identified the ring "Fowieff" {rC+ MR+++ MP+9 Str-3 Stlth+}
                  | (You found it in the Desolation of Salt)
 34579 | Vaults:4 | Received a gift from Trog
 35035 | Vaults:4 | Reached XP level 22. HP: 71/133 MP: 22/22
 35039 | Vaults:4 | HP: 9/199 [necromancer/bolt of cold (12)]
 35040 | Vaults:4 | Killed from afar by a necromancer

Levels and vault maps discovered:
D:1:      erik_arrival_blinker_ship, layout_basic, bh_walls_and_bars
D:2:      layout_basic, lightli_corner_chamber
D:3:      layout_loops_ring, regret_index_temple_of_mockery,
          gammafunk_temple_overflow_statue,
          chequers_temple_overflow_statue_of_worship, first_ration,
          fedhas_altar_4, uniq_grinder
D:4:      layout_rooms, grunt_temple_overflow_lords_of_destruction,
          minmay_temple_entry_arrows
D:5:      layout_cave_pools
D:6:      layout_gridville
D:7:      corexii_shantytown, layout_loops_ring, lemuel_round_altar,
          amethyst_overflow_temple_binary
D:8:      layout_basic, kennysheep_mini, serial_shops, shop,
          nicolae_shop_statue_plus, uniq_erica
D:9:      layout_basic, dpeg_oklobed_lair, hangedman_little_slice_of_home,
          uniq_grum
D:10:     minmay_the_grid_triangle_9x9_recursive_2
          [minmay_the_grid_triangle_9x9_prize_special,
          minmay_the_grid_triangle_9x9_thin_v,
          minmay_the_grid_triangle_9x9_wacky_v,
          minmay_the_grid_triangle_9x9_zippers_vertical], layout_long_grid,
          serial_shops, shop_scrolls
D:11:     layout_gridville, orc_0_dummy, chequers_hall_statues_y,
          minmay_guarded_unrand_vampires_tooth
D:12:     minmay_gate_of_8, layout_basic, special_room [special_room_bee],
          serial_shops, nicolae_shop_statue_plus
D:13:     layout_roguey, david_vaults_1, minivault_22, uniq_josephine
D:14:     layout_loops_ring, jmf_multi_god_temple
D:15:     gammafunk_enter_depths_forms, layout_basic, portal_ice_cave_rime,
          gammafunk_ghost_tricky_traps, uniq_agnes
Temple:   kb_temple_of_zot
Lair:1:   layout_roguey, grunt_megastairs_3
Lair:2:   layout_cave_pods, skrybe_swamp_entry_bodies
Lair:3:   layout_gridlike, nicolae_spider_entry_tight_spaces,
          hangedman_lair_unloving_vines, nicolae_quartered_pool_little
Lair:4:   layout_regular_city, uniq_nessos, uniq_snorg, uniq_nergalle
Lair:5:   layout_loops_ring, grunt_forest_stairs_clearing, grunt_megastairs_5
Lair:6:   evilmike_catoblepas_cave, layout_regular_city, slime_altar_1,
          st_stairs_4, wad_woods_river_02
Swamp:1:  layout_falls_marsh, evilmike_swamp_ruin_house_4
Swamp:2:  nicolae_swamp_phyte_club, layout_falls_marsh,
          evilmike_swamp_ruin_house_6, swamp_pool1
Swamp:3:  layout_basic_swamp, evilmike_swamp_ruin_house_5
Swamp:4:  swamp_basic_johnstein, layout_basic_swamp, uniq_donald
Spider:1: layout_chambers
Spider:2: layout_spider_delve, guppyfry_hornet_nest
Spider:3: layout_spider_delve, einodemon_crawler_minivault
Spider:4: spider_rune_water, uniq_bai_suzhen
Orc:1:    layout_caves, serial_shops, shop
Orc:2:    st_orc_mages, layout_diamond_mine, basic_altar, bloody_makhleb
Vaults:1: hangedman_vaults_trim, ontoclasm_vaults_misaligned,
          hangedman_vaults_trim, hangedman_vaults_maws, ontoclasm_vaults_idyll,
          vaults_mumra_minichess_inversion, nicolae_vaults_network_star,
          hangedman_vaults_impose, vaults_room_pools, v_misc_23,
          ontoclasm_vaults_ring_small, v_misc_33, v_misc_23,
          layout_vaults_maze_bifur
Vaults:2: hangedman_vaults_corner, minmay_crypt_entry_necro_gods,
          nicolae_vaults_quadrants, v_alt_pattern_1, ontoclasm_vaults_bender,
          v_rooms_2, vaults_room_door_ring, ontoclasm_vaults_eye, v_misc_2,
          vaults_room_pool, vaults_room_semicircle,
          nicolae_vaults_windows_and_doors_thing, vaults_dpeg_encased_lava,
          vaults_mumra_hexcomb, layout_vaults_omnibox,
          serial_hangedman_research, hangedman_research_quantum
Vaults:3: vaults_room_hallway, nicolae_vaults_rhombus_5, v_misc_8,
          nicolae_vaults_stairing_the_circle, hangedman_vaults_capsules,
          ontoclasm_vaults_decontamination, layout_vaults_omnigrid,
          serial_shops, nicolae_shop_statue_plus, nicolae_shop_waterfront, shop,
          shop
Vaults:4: ontoclasm_vaults_fault, hangedman_vaults_maws, grunt_vaults_funnel,
          v_rooms_6, hangedman_vaults_variations, hangedman_vaults_stagger,
          vaults_room_fancy_cross, nicolae_vaults_network_s,
          nicolae_vaults_angled_halls, layout_vaults_big_cross,
          portal_desolation_entry_salt, nicolae_trove_entry_diagonal

Skill      XL: |  1  2  3  4  5  6  7  8  9 10 11 12 13 14 15 16 17 18 19 20 21 |
---------------+----------------------------------------------------------------+-----
Axes           | 3 4 5 6 7 8 9 10 11 12 13 14 15 16 | 16.0
Dodging        | 2 3 4 5 6 7 8 9 10 11 12 13 14 | 14.8
Armour         | 3 4 5 6 7 8 9 10 11 12 13 14 15 16 17 18 | 18.5
Fighting       | 4 5 6 7 9 10 11 12 13 14 15 16 17 18 | 18.7
Shields        | 3 5 6 8 9 10 12 13 14 15 16 17 18 | 18.0

Action                   |  1- 3 |  4- 6 |  7- 9 | 10-12 | 13-15 | 16-18 | 19-21 | 22-24 || total
-------------------------+-------+-------+-------+-------+-------+-------+-------+-------++-------
Melee: Hand axe          |    77 |   123 |   535 |       |       |       |       |       ||   735
       War axe           |       |       |   263 |   231 |       |       |       |       ||   494
       Broad axe         |       |       |       |   425 |   848 |  1422 |  1462 |     4 ||  4161
Invok: Berserk           |     1 |     2 |     5 |     4 |     5 |     2 |     2 |     1 ||    22
       Trog's Hand       |       |     1 |     7 |     1 |     2 |     3 |       |       ||    14
       Brothers in Arms  |       |       |       |       |     5 |     1 |       |       ||     6
 Abil: Fly               |       |       |       |       |     1 |       |       |       ||     1
  Use: Scroll            |       |       |       |    33 |    13 |    11 |     9 |       ||    66
       Potion            |       |       |       |       |     3 |     1 |       |       ||     4
 Stab: Distracted        |       |       |       |       |     1 |       |       |       ||     1
       Confused          |       |       |       |       |       |     1 |       |       ||     1
  Eat: Chunk             |     2 |     6 |    23 |    21 |    29 |    29 |    28 |       ||   138
       Ration            |       |       |     2 |     1 |     1 |     1 |       |       ||     5
Armor: Animal skin       |    16 |    36 |    70 |       |       |       |       |       ||   122
       Chain mail        |       |       |   176 |       |       |       |       |       ||   176
       Plate armour      |       |       |   336 |   405 |   495 |  1029 |   553 |     4 ||  2822
Dodge: Dodged            |    40 |    35 |   284 |   207 |   392 |   795 |   529 |     2 ||  2284
Block: Shield            |       |    47 |   522 |   582 |  1099 |  1775 |  1441 |     3 ||  5469
       Reflection        |       |       |       |     8 |    65 |    33 |    66 |       ||   172
